 Dungeon Crawl Stone Soup version 0.17-a0-83-g894156c (webtiles) character file.

199 Rotinaj the Shield-Bearer (level 5, -4/33 HPs)
             Began as a Gargoyle Fighter on Mar 17, 2015.
             Slain by an ogre
             ... wielding a +0 giant club
              (5 damage)
             ... on level 4 of the Dungeon.
             The game lasted 00:12:09 (2654 turns).

Rotinaj the Shield-Bearer (Gargoyle Fighter)        Turns: 2654, Time: 00:12:09

Health: -4/33      AC: 13    Str: 20    XL:     5   Next: 77%
Magic:  5/5        EV:  5    Int:  8    God:
Gold:   107        SH:  9    Dex: 10    Spells: 0 memorised, 4 levels left

rFire  . . .     SeeInvis .     a - +0 flail
rCold  . . .     Clarity  .     k - +0 chain mail
rNeg   + . .     SustAb   .     c - +0 shield
rPois  ∞         Gourm    .     (no helmet)
rElec  +         Spirit   .     (no cloak)
rCorr  .         Warding  .     (no gloves)
rMut   .         Stasis   .     (no boots)
MR     .....                    (no amulet)
Stlth  ..........               (no ring)
                                (no ring)

@: not resistant to hostile enchantments, extremely unstealthy
A: negative energy resistance 1, electricity resistance, unbreathing,
petrification resistance, rot immunity, AC +4
a: no special abilities


You were on level 4 of the Dungeon.
You were not hungry.

You visited 1 branch of the dungeon, and saw 4 of its levels.

You collected 107 gold pieces.

Inventory:

Hand weapons
 a - a +0 flail (weapon)
Armour
 b - a +0 scale mail
 c - a +0 shield (worn)
 k - a +0 chain mail (worn)
Jewellery
 m - an uncursed ring of sustain abilities {unknown}
 o - an uncursed ring of protection from cold {unknown}
Scrolls
 f - 3 scrolls of identify {unknown}
 i - a scroll of random uselessness {unknown}
 l - 2 scrolls of remove curse {unknown}
 p - 2 scrolls of enchant weapon {unknown}
 r - 2 scrolls of amnesia {unknown}
 s - a scroll of magic mapping {unknown}
 t - a scroll of teleportation {unknown}
Potions
 e - a potion of might
 h - 2 potions of cancellation {unknown}
 j - 2 potions of agility {unknown}
 n - a potion of brilliance {unknown}
 q - a potion of restore abilities {unknown}
Comestibles
 d - 2 bread rations
 g - 3 meat rations


   Skills:
 + Level 4.2 Fighting
 + Level 3.1 Maces & Flails
 + Level 4.3 Armour
 - Level 1.1 Dodging
 + Level 4.4 Shields


You had 4 spell levels left.
You didn't know any spells.

Dungeon Overview and Level Annotations

Branches:
Dungeon (4/15)
 Temple: D:4-7

Altars:
The Shining One


Innate Abilities, Weirdness & Mutations

You are resistant to torment.
You are immune to poison.
Your stone body is very resilient (AC +4).
You resist negative energy.
You are resistant to electric shocks.
You can survive without breathing.
You are immune to petrification.
You are immune to rotting.


Message History

You kill the bat!
You see here a bat corpse.
Found 14 poisoned arrows.
Found a leather armour.
You see here 14 poisoned arrows.
An ogre comes into view. It is wielding a giant club.
The ogre shouts!
Found a stone staircase leading down.
A hobgoblin comes into view.
The hobgoblin shouts!
The ogre hits you with a giant club!
You sock the ogre!!
The ogre is severely wounded.
The ogre hits you with a giant club!!
Ouch! That really hurt!
* * * LOW HITPOINT WARNING * * *
You hit the ogre.
The ogre is severely wounded.
The ogre hits you with a giant club.
You die...

#.......#######.#### .
##.........†.......#
#.#..##.#.####.#####.#
......##.#.#
#.#####.#### #....(.#
#........... ###...##
#.##.#..###. #...#
#.......## #...#
#.##.....# #..@#
#.####.#.# #.gO#
#.####.# # #...#
#......# #...#
######## ..... ......
.....>.. ##...## ..#


You could see an ogre and a hobgoblin.

Vanquished Creatures
  An iguana (D:3)
  Ijyb (D:2)
  2 adders
  4 gnolls (D:3)
  3 worms
  A giant mite (D:2)
  5 giant geckos
  3 orcs (D:3)
  2 ball pythons
  5 bats
  2 giant cockroaches
  11 hobgoblins
  4 jackals (D:2)
  A quokka (D:2)
  4 giant newts
  6 goblins
  9 kobolds
  4 rats
68 creatures vanquished.

Notes
Turn   | Place    | Note
--------------------------------------------------------------
     0 | D:1      | Rotinaj, the Gargoyle Fighter, began the quest for the Orb.
     0 | D:1      | Reached XP level 1. HP: 14/14 MP: 1/1
   179 | D:1      | Reached XP level 2. HP: 12/19 MP: 2/2
   699 | D:1      | Found a glowing golden altar of the Shining One.
   810 | D:2      | Reached XP level 3. HP: 23/23 MP: 3/3
  1202 | D:2      | Reached XP level 4. HP: 14/29 MP: 4/4
  1482 | D:2      | Reached skill level 1 in Dodging
  1618 | D:2      | Noticed Ijyb
  1623 | D:2      | Killed Ijyb
  1623 | D:2      | Reached skill level 4 in Shields
  1714 | D:3      | Reached XP level 5. HP: 28/33 MP: 5/5
  2648 | D:4      | Noticed an ogre
  2653 | D:4      | HP: 1/33 [ogre/giant club (19)]
  2654 | D:4      | Slain by an ogre

Action                   |  1- 3 |  4- 6 || total
-------------------------+-------+-------++-------
Melee: Flail             |   127 |   114 ||   241
  Eat: Royal jelly       |     1 |       ||     1
       Bread ration      |       |     1 ||     1
